General information
- name: BNet
- type: Ladder team game (AT/RT)
- host: Battle.net
- saver: A8djkakIADukaka
map: Deadlock
- players: 8
- length: 53:22
- speed: Fast
- version: 1.28 W3XP
- replay type: Public
» download(444 KB)
Players
team 1 (winner)

»
Daryus010 (
yellow | 88 APM | 1949 actions | 22:08)
2 Tauren Chieftain
1 War Stomp
1 Endurance Aura
1 Shadow Hunter
1 Healing Wave
» actions
| Assign group hotkey | 34 | |
| Basic commands | 28 | |
| Build / train | 62 | |
| Enter build submenu | 16 | |
| Enter hero's abilities submenu | 4 | |
| Remove unit from queue | 2 | |
| Right click | 1023 | |
| Select / deselect | 354 | |
| Select group hotkey | 325 | |
| Use ability | 101 | |
1949 total
» units
| Peon | 10 | |
| Grunt | 6 | |
| Raider | 6 | |
| Demolisher | 7 | |
| Troll Witch Doctor | 6 | |
| Troll Batrider | 7 | |
42 total
» upgrades
| Ensnare | 1 | |
| Burning Oil | 1 | |
| Liquid Fire | 1 | |
| Witch Doctor Training | 2 | |
| Pillage | 1 | |
6 total
» buildings
| Altar of Storms | 1 | |
| Orc Burrow | 5 | |
| Barracks | 1 | |
| Voodoo Lounge | 1 | |
| Stronghold | 1 | |
| Beastiary | 1 | |
| War Mill | 1 | |
| Fortress | 1 | |
| Spirit Lodge | 1 | |
| Watch Tower | 4 | |
17 total
» build order
00:11 Altar of Storms
00:18 Orc Burrow
00:34 Barracks
01:47 Orc Burrow
02:20 Voodoo Lounge
02:42 Stronghold
04:32 Orc Burrow
05:33 Beastiary
05:47 War Mill
06:23 Fortress
08:15 Spirit Lodge
09:37 Watch Tower
09:40 Watch Tower
11:17 Watch Tower
13:07 Watch Tower
13:50 Orc Burrow
13:52 Orc Burrow
» items
| Dust of Appearance | 1 | |
| Healing Salve | 1 | |
| Lesser Clarity Potion | 1 | |
| Scroll of Town Portal | 1 | |
4 total
sunshine27 (
orange | 9 APM | 253 actions | 29:30)
1 Shadow Hunter
1 Hex
» actions
| Basic commands | 9 | |
| Build / train | 33 | |
| Enter build submenu | 13 | |
| Enter hero's abilities submenu | 1 | |
| Right click | 65 | |
| Select / deselect | 83 | |
| Use ability | 49 | |
253 total
» units
» upgrades
| Pillage | 1 | |
| Melee Weapons | 1 | |
| Armor | 1 | |
| Spiked Barricades | 1 | |
4 total
» buildings
| Orc Burrow | 4 | |
| Altar of Storms | 1 | |
| Barracks | 1 | |
| Voodoo Lounge | 1 | |
| War Mill | 1 | |
| Stronghold | 1 | |
| Great Hall | 1 | |
| Fortress | 1 | |
| Tauren Totem | 2 | |
13 total
» build order
04:18 Orc Burrow
04:20 Altar of Storms
05:23 Barracks
05:25 Voodoo Lounge
06:25 War Mill
07:08 Orc Burrow
08:29 Stronghold
08:44 Orc Burrow
10:15 Great Hall
11:08 Fortress
12:18 Orc Burrow
13:36 Tauren Totem
13:39 Tauren Totem
» items
| Scroll of Speed | 3 | |
| Lesser Clarity Potion | 2 | |
| Healing Salve | 1 | |
| Staff of Teleportation | 1 | |
| Potion of Lesser Invulnerability | 1 | |
| Potion of Invisibility | 1 | |
| Dust of Appearance | 1 | |
10 total
A8djkakIADukaka (
green | 117 APM | 6264 actions | 53:22)
7 Archmage
3 Summon Water Elemental
3 Brilliance Aura
1 Mass Teleport
6 Goblin Alchemist
2 Healing Spray
3 Acid Bomb
1 Transmute
» actions
| Assign group hotkey | 131 | |
| Basic commands | 339 | |
| Build / train | 196 | |
| ESC pressed | 7 | |
| Enter build submenu | 64 | |
| Enter hero's abilities submenu | 14 | |
| Give item / drop item | 2 | |
| Right click | 1918 | |
| Select / deselect | 827 | |
| Select group hotkey | 2341 | |
| Use ability | 425 | |
6264 total
» units
| Peasant | 28 | |
| Footman | 4 | |
| Rifleman | 12 | |
| Sorceress | 8 | |
| Spell Breaker | 1 | |
| Priest | 4 | |
| Dragonhawk Rider | 7 | |
| Siege Engine | 1 | |
65 total
» upgrades
| Gunpowder | 3 | |
| Long Rifles | 1 | |
| Lumber Harvesting | 2 | |
| Armor | 3 | |
| Magic Sentry | 1 | |
| Masonry | 3 | |
| Sorceress Training | 2 | |
| Plating | 3 | |
| Priest Training | 2 | |
| Swords | 4 | |
| Animal War Training | 1 | |
| Cloud | 1 | |
| Backpack | 2 | |
| Barrage | 1 | |
| Fragmentation Shards | 1 | |
| Flak Cannons | 1 | |
| Flare | 1 | |
| Storm Hammers | 1 | |
| Control Magic | 1 | |
| Defend | 1 | |
| Flying Machine Bombs | 1 | |
36 total
» buildings
| Altar of Kings | 2 | |
| Barracks | 1 | |
| Farm | 15 | |
| Arcane Vault | 1 | |
| Blacksmith | 1 | |
| Keep | 2 | |
| Town Hall | 2 | |
| Scout Tower | 29 | |
| Lumber Mill | 1 | |
| Arcane Tower | 11 | |
| Castle | 2 | |
| Guard Tower | 22 | |
| Arcane Sanctum | 2 | |
| Gryphon Aviary | 2 | |
| Workshop | 2 | |
| Moon Well | 4 | |
99 total
» build order
00:34 Altar of Kings
00:35 Barracks
00:38 Altar of Kings
00:48 Farm
01:03 Farm
01:35 Farm
01:52 Arcane Vault
02:31 Farm
03:03 Blacksmith
03:45 Keep
03:45 Keep
05:04 Town Hall
07:32 Scout Tower
07:33 Scout Tower
08:22 Lumber Mill
08:27 Arcane Tower
08:27 Arcane Tower
10:04 Castle
10:04 Castle
10:33 Guard Tower
10:38 Scout Tower
12:17 Guard Tower
12:17 Guard Tower
12:20 Arcane Sanctum
12:22 Arcane Sanctum
12:59 Farm
14:08 Scout Tower
14:28 Scout Tower
14:30 Scout Tower
14:34 Guard Tower
14:34 Guard Tower
14:36 Scout Tower
14:49 Scout Tower
14:53 Scout Tower
14:58 Arcane Tower
14:58 Arcane Tower
15:02 Guard Tower
15:03 Guard Tower
15:07 Guard Tower
15:08 Guard Tower
15:32 Arcane Tower
15:32 Arcane Tower
15:33 Arcane Tower
15:47 Guard Tower
15:47 Guard Tower
17:33 Scout Tower
17:34 Scout Tower
17:34 Scout Tower
17:35 Scout Tower
17:37 Scout Tower
18:21 Guard Tower
18:21 Guard Tower
18:36 Scout Tower
18:37 Scout Tower
18:37 Scout Tower
18:42 Scout Tower
19:07 Farm
19:07 Farm
19:08 Farm
19:14 Guard Tower
19:14 Guard Tower
19:14 Guard Tower
19:43 Farm
20:20 Scout Tower
20:21 Scout Tower
20:21 Scout Tower
20:22 Scout Tower
20:58 Guard Tower
20:59 Guard Tower
21:16 Gryphon Aviary
21:17 Gryphon Aviary
23:53 Farm
23:53 Farm
24:31 Farm
24:32 Farm
25:27 Farm
25:28 Farm
30:08 Town Hall
30:11 Scout Tower
30:12 Scout Tower
31:55 Scout Tower
31:56 Scout Tower
31:58 Scout Tower
32:36 Guard Tower
32:37 Guard Tower
32:39 Arcane Tower
32:39 Arcane Tower
32:39 Arcane Tower
36:22 Scout Tower
36:23 Scout Tower
36:59 Arcane Tower
37:00 Guard Tower
37:00 Guard Tower
39:14 Workshop
39:16 Workshop
52:54 Moon Well
52:55 Moon Well
52:56 Moon Well
52:57 Moon Well
» items
| Scroll of Regeneration | 8 | |
| Mechanical Critter | 4 | |
| Boots of Speed | 1 | |
| Periapt of Vitality | 1 | |
| Scroll of Town Portal | 4 | |
| Orb of Fire | 1 | |
| Staff of Sanctuary | 1 | |
20 total
DROPhackMEplzzz (
purple | 45 APM | 964 actions | 21:35)
4 Priestess of the Moon
2 Trueshot Aura
2 Searing Arrows
2 Dark Ranger
1 Black Arrow
1 Life Drain
1 Keeper of the Grove
1 Entangling Roots
» actions
| Basic commands | 110 | |
| Build / train | 78 | |
| ESC pressed | 2 | |
| Enter build submenu | 15 | |
| Enter hero's abilities submenu | 7 | |
| Remove unit from queue | 2 | |
| Right click | 386 | |
| Select / deselect | 335 | |
| Use ability | 29 | |
964 total
» units
» upgrades
| Strength of the Moon | 3 | |
| Improved Bows | 1 | |
| Moon Armor | 3 | |
| Marksmanship | 1 | |
| Ultravision | 1 | |
9 total
» buildings
| Moon Well | 6 | |
| Altar of Elders | 1 | |
| Ancient of War | 2 | |
| Hunter's Hall | 1 | |
| Tree of Ages | 1 | |
| Tree of Life | 4 | |
| Tree of Eternity | 1 | |
16 total
» build order
00:19 Moon Well
00:38 Altar of Elders
00:55 Ancient of War
01:39 Moon Well
02:35 Hunter's Hall
04:09 Moon Well
04:16 Moon Well
04:22 Tree of Ages
06:54 Tree of Life
07:45 Tree of Eternity
11:36 Ancient of War
12:41 Tree of Life
14:10 Moon Well
14:40 Tree of Life
15:06 Moon Well
19:03 Tree of Life
team 2 (loser)
Krudoru (
teal | 50 APM | 2514 actions | 49:55)
5 Mountain King
3 Storm Bolt
2 Bash
4 Archmage
2 Summon Water Elemental
2 Brilliance Aura
4 Paladin
2 Holy Light
2 Divine Shield
» actions
| Assign group hotkey | 60 | |
| Basic commands | 154 | |
| Build / train | 151 | |
| Enter build submenu | 56 | |
| Enter hero's abilities submenu | 14 | |
| Remove unit from queue | 3 | |
| Right click | 979 | |
| Select / deselect | 576 | |
| Select group hotkey | 362 | |
| Use ability | 156 | |
2514 total
» units
| Peasant | 22 | |
| Footman | 8 | |
| Gryphon Rider | 7 | |
| Spell Breaker | 4 | |
| Siege Engine | 6 | |
| Dragonhawk Rider | 4 | |
| Priest | 1 | |
| Mortar Team | 1 | |
53 total
» upgrades
| Defend | 1 | |
| Masonry | 3 | |
| Swords | 3 | |
| Lumber Harvesting | 2 | |
| Animal War Training | 1 | |
| Storm Hammers | 1 | |
| Armor | 3 | |
| Plating | 3 | |
| Backpack | 1 | |
| Control Magic | 1 | |
| Magic Sentry | 1 | |
| Priest Training | 2 | |
| Sorceress Training | 2 | |
| Cloud | 1 | |
| Fragmentation Shards | 1 | |
| Flare | 1 | |
| Barrage | 1 | |
| Gunpowder | 2 | |
30 total
» buildings
| Altar of Kings | 1 | |
| Barracks | 1 | |
| Farm | 14 | |
| Arcane Vault | 3 | |
| Town Hall | 4 | |
| Lumber Mill | 3 | |
| Scout Tower | 17 | |
| Keep | 2 | |
| Guard Tower | 21 | |
| Blacksmith | 1 | |
| Castle | 1 | |
| Gryphon Aviary | 3 | |
| Arcane Sanctum | 2 | |
| Workshop | 4 | |
77 total
» build order
00:05 Altar of Kings
00:07 Barracks
00:18 Farm
00:52 Farm
01:31 Farm
02:12 Farm
03:02 Farm
03:36 Arcane Vault
04:27 Town Hall
04:30 Town Hall
04:41 Lumber Mill
04:54 Lumber Mill
05:32 Scout Tower
05:37 Scout Tower
06:08 Keep
06:08 Keep
06:11 Guard Tower
06:11 Guard Tower
06:13 Guard Tower
06:13 Guard Tower
06:25 Scout Tower
06:29 Scout Tower
06:35 Scout Tower
06:55 Farm
06:56 Guard Tower
06:57 Guard Tower
07:10 Blacksmith
07:12 Guard Tower
07:49 Arcane Vault
08:18 Scout Tower
08:33 Castle
08:44 Lumber Mill
08:54 Guard Tower
08:57 Gryphon Aviary
08:59 Gryphon Aviary
09:34 Farm
09:36 Farm
09:37 Farm
10:11 Scout Tower
10:16 Scout Tower
10:48 Guard Tower
10:52 Guard Tower
10:52 Guard Tower
12:18 Farm
12:20 Scout Tower
12:23 Gryphon Aviary
12:26 Scout Tower
12:28 Scout Tower
12:37 Scout Tower
12:39 Scout Tower
12:43 Farm
12:44 Farm
12:48 Farm
12:50 Farm
13:09 Guard Tower
13:12 Guard Tower
13:18 Guard Tower
13:18 Guard Tower
17:01 Arcane Sanctum
17:02 Arcane Sanctum
19:01 Workshop
19:15 Guard Tower
19:15 Guard Tower
21:58 Workshop
22:00 Workshop
22:30 Town Hall
22:34 Scout Tower
22:35 Scout Tower
22:36 Scout Tower
22:37 Scout Tower
22:40 Arcane Vault
24:18 Guard Tower
24:18 Guard Tower
27:35 Guard Tower
27:35 Guard Tower
32:03 Workshop
32:14 Town Hall
» items
| Scroll of Regeneration | 2 | |
| Scroll of Town Portal | 3 | |
5 total
siledetangvil (
pink | 52 APM | 1458 actions | 28:04)
7 Blademaster
3 Wind Walk
3 Critical Strike
1 Bladestorm
» actions
| Assign group hotkey | 21 | |
| Basic commands | 22 | |
| Build / train | 60 | |
| Enter build submenu | 19 | |
| Enter hero's abilities submenu | 8 | |
| Give item / drop item | 3 | |
| Right click | 548 | |
| Select / deselect | 168 | |
| Select group hotkey | 517 | |
| Use ability | 92 | |
1458 total
» units
» upgrades
| Armor | 3 | |
| Ranged Weapons | 3 | |
| Envenomed Spears | 1 | |
| Reinforced Defenses | 1 | |
8 total
» buildings
| Orc Burrow | 7 | |
| Altar of Storms | 1 | |
| Barracks | 1 | |
| Voodoo Lounge | 1 | |
| Stronghold | 1 | |
| War Mill | 1 | |
| Fortress | 1 | |
| Beastiary | 4 | |
17 total
» build order
00:20 Orc Burrow
00:35 Altar of Storms
01:19 Barracks
01:29 Orc Burrow
02:16 Voodoo Lounge
02:51 Stronghold
04:20 Orc Burrow
04:43 War Mill
05:38 Fortress
06:54 Beastiary
06:55 Beastiary
07:03 Orc Burrow
07:36 Orc Burrow
08:32 Orc Burrow
10:02 Beastiary
12:20 Beastiary
12:30 Orc Burrow
» items
| Boots of Speed | 1 | |
| Healing Salve | 3 | |
| Lesser Clarity Potion | 7 | |
| Orb of Lightning | 1 | |
| Potion of Mana | 6 | |
| Potion of Healing | 2 | |
20 total
Rebel!Rebel! (
red | 48 APM | 2584 actions | 53:21)
6 Blademaster
3 Wind Walk
2 Critical Strike
1 Bladestorm
1 Goblin Tinker
1 Engineering Upgrade
» actions
| Assign group hotkey | 50 | |
| Basic commands | 328 | |
| Build / train | 89 | |
| Enter build submenu | 60 | |
| Enter hero's abilities submenu | 8 | |
| Give item / drop item | 9 | |
| Remove unit from queue | 2 | |
| Right click | 1062 | |
| Select / deselect | 527 | |
| Select group hotkey | 309 | |
| Use ability | 140 | |
2584 total
» units
| Peon | 22 | |
| Grunt | 4 | |
| Troll Batrider | 11 | |
| Wind Rider | 15 | |
52 total
» upgrades
| Reinforced Defenses | 1 | |
| Ranged Weapons | 3 | |
| Liquid Fire | 1 | |
| Armor | 3 | |
| Envenomed Spears | 1 | |
9 total
» buildings
| Orc Burrow | 5 | |
| Altar of Storms | 1 | |
| Barracks | 1 | |
| Voodoo Lounge | 2 | |
| Stronghold | 1 | |
| War Mill | 4 | |
| Great Hall | 3 | |
| Beastiary | 4 | |
| Watch Tower | 34 | |
| Fortress | 1 | |
56 total
» build order
00:09 Orc Burrow
00:55 Orc Burrow
01:00 Altar of Storms
01:02 Barracks
01:52 Voodoo Lounge
02:55 Stronghold
04:13 Orc Burrow
04:15 War Mill
04:50 Great Hall
05:41 Orc Burrow
06:35 Beastiary
06:36 Beastiary
07:13 Watch Tower
07:14 Watch Tower
07:15 Watch Tower
07:37 Fortress
08:35 Watch Tower
09:29 Watch Tower
09:29 Watch Tower
09:46 Watch Tower
09:48 Watch Tower
11:20 Voodoo Lounge
12:21 Beastiary
12:24 Orc Burrow
12:27 War Mill
13:24 Watch Tower
13:24 Watch Tower
16:40 Watch Tower
16:40 Watch Tower
16:42 Watch Tower
16:42 Watch Tower
16:43 Watch Tower
16:52 War Mill
19:00 Watch Tower
19:00 Watch Tower
19:01 Watch Tower
19:01 Watch Tower
19:02 Watch Tower
19:04 Great Hall
19:08 Great Hall
20:26 Watch Tower
20:27 Watch Tower
20:27 Watch Tower
20:28 Watch Tower
21:38 Watch Tower
21:38 Watch Tower
21:38 Watch Tower
21:39 Watch Tower
21:50 Beastiary
24:16 War Mill
24:54 Watch Tower
24:54 Watch Tower
24:54 Watch Tower
24:56 Watch Tower
24:59 Watch Tower
» items
| Healing Salve | 3 | |
| Scroll of Town Portal | 3 | |
| Orb of Lightning | 1 | |
| Lesser Clarity Potion | 2 | |
| Staff of Teleportation | 2 | |
| Boots of Speed | 2 | |
| Periapt of Vitality | 1 | |
| Potion of Healing | 1 | |
15 total

»
King_Gex (
blue | 44 APM | 2360 actions | 53:11)
4 Blademaster
2 Wind Walk
2 Critical Strike
3 Shadow Hunter
1 Hex
2 Healing Wave
» actions
| Assign group hotkey | 10 | |
| Basic commands | 94 | |
| Build / train | 88 | |
| ESC pressed | 4 | |
| Enter build submenu | 25 | |
| Enter hero's abilities submenu | 7 | |
| Give item / drop item | 4 | |
| Remove unit from queue | 2 | |
| Right click | 1552 | |
| Select / deselect | 437 | |
| Select group hotkey | 10 | |
| Use ability | 126 | |
2360 total
» units
| Peon | 16 | |
| Grunt | 10 | |
| Raider | 9 | |
| Shaman | 3 | |
| Demolisher | 1 | |
| Kodo Beast | 1 | |
| Wind Rider | 1 | |
41 total
» upgrades
| Melee Weapons | 3 | |
| Ranged Weapons | 2 | |
| Berserker Strength | 1 | |
| Ensnare | 1 | |
| Armor | 3 | |
| Shaman Training | 2 | |
| Pillage | 1 | |
| Liquid Fire | 1 | |
| Reinforced Defenses | 1 | |
| Burning Oil | 1 | |
| War Drums Damage Increase | 1 | |
17 total
» buildings
| Altar of Storms | 2 | |
| Orc Burrow | 8 | |
| Voodoo Lounge | 1 | |
| Barracks | 2 | |
| Stronghold | 2 | |
| War Mill | 1 | |
| Fortress | 1 | |
| Beastiary | 2 | |
| Spirit Lodge | 2 | |
| Great Hall | 1 | |
| Watch Tower | 2 | |
24 total
» build order
00:06 Altar of Storms
00:18 Orc Burrow
00:53 Voodoo Lounge
01:25 Orc Burrow
01:51 Barracks
03:52 Stronghold
03:54 War Mill
03:57 Orc Burrow
06:01 Stronghold
08:12 Barracks
08:26 Fortress
08:29 Beastiary
08:32 Beastiary
08:36 Spirit Lodge
08:38 Spirit Lodge
09:49 Orc Burrow
13:49 Great Hall
16:50 Orc Burrow
16:52 Orc Burrow
19:30 Watch Tower
19:33 Watch Tower
21:46 Orc Burrow
41:28 Altar of Storms
47:30 Orc Burrow
» items
| Healing Salve | 3 | |
| Lesser Clarity Potion | 5 | |
| Scroll of Speed | 1 | |
| Orb of Lightning | 1 | |
| Scroll of Town Portal | 2 | |
| Tiny Great Hall | 1 | |
| Boots of Speed | 1 | |
| Potion of Lesser Invulnerability | 1 | |
| Periapt of Vitality | 1 | |
16 total
Chat log
(00:05 / All) DROPhackMEplzzz: OK
(00:06 / All) DROPhackMEplzzz: LEAVE
(00:09 / All) DROPhackMEplzzz: NOW IS THE TIME
(00:13 / All) King_Gex: quiet it puplre
(00:26 / All) King_Gex: i trying to make an army
(00:48 / Allies) Daryus010: quiet it
(00:51 / Allies) Daryus010: eww
(00:58 / Allies) Daryus010: who says that
(01:13 / Allies) A8djkakIADukaka: quiet it
(01:23 / Allies) Daryus010: you i guess
(02:05 / Allies) Daryus010: and how do you even remember your account name
(02:23 / Allies) A8djkakIADukaka: I don't
(02:24 / Allies) A8djkakIADukaka: I smurf
(02:27 / Allies) Daryus010: kk
(02:29 / Allies) A8djkakIADukaka: cuz matchmaking is broken if you get too high recs
(03:46 / All) Rebel!Rebel!: that fucking creep
(04:50 / Allies) sunshine27: sorry about the late start
(04:55 / Allies) A8djkakIADukaka: it happens
(05:52 / Allies) Daryus010: 2 bms up there
(06:03 / Allies) sunshine27: it's gonna take awhile for me to catch up
(06:10 / Allies) sunshine27: any spare wood ?
(06:21 / Allies) sunshine27: ty
(06:24 / Allies) A8djkakIADukaka: I'm always low on this map
(06:25 / Allies) A8djkakIADukaka: hate it
(06:33 / All) Daryus010: -.-
(06:35 / All) Daryus010: annoying and laggin
(06:37 / All) A8djkakIADukaka: D
(06:37 / All) A8djkakIADukaka: D
(07:02 / All) sunshine27: we are forever friends :)
(07:41 / All) sunshine27: dont hurt me..im your friends
(08:18 / All) sunshine27: i hope you like being a crab
(08:24 / All) King_Gex: lol
(11:11 / Allies) sunshine27: bolted?
(11:13 / Allies) sunshine27: lol
(11:13 / All) A8djkakIADukaka: this map is so shit for lumber
(11:24 / All) Rebel!Rebel!: cocksucker
(11:37 / All) sunshine27: yeah that's what i do
(11:43 / All) sunshine27: gay power
(12:15 / Allies) A8djkakIADukaka: ty
(12:37 / All) King_Gex: dam
(12:42 / All) sunshine27: 9 hp
(12:44 / All) sunshine27: hahaha
(12:46 / All) King_Gex: lucky oj
(12:59 / Allies) Daryus010: mass bats
(13:12 / All) sunshine27: i dont believe in luck
(14:06 / All) sunshine27: bad timing
(15:14 / Allies) A8djkakIADukaka: lumber anyone?
(15:27 / All) sunshine27: hey that's not a way to treat your best friend
(16:12 / All) sunshine27: lol you killed all my shit and left a mill and altar????
(16:15 / All) King_Gex: orange
(16:33 / Allies) A8djkakIADukaka: lumber me
(16:42 / Allies) A8djkakIADukaka: share lumber
(16:46 / Allies) A8djkakIADukaka: share lumber
(17:00 / All) Rebel!Rebel!: your dumb ass kept going for my SECOND warmill
(17:02 / All) Rebel!Rebel!: you're such a faggot
(17:30 / All) sunshine27: lol
(17:34 / All) sunshine27: too funny
(17:37 / All) King_Gex: gotcha
(17:44 / All) sunshine27: good for you blue
(18:08 / Allies) A8djkakIADukaka: wood
(18:09 / All) sunshine27: thanks for that..i had a good laugh out of it
(18:44 / Allies) A8djkakIADukaka: lumber me
(18:58 / Allies) A8djkakIADukaka: ty
(20:27 / All) sunshine27: let's make this world great again...play warcraft 3 everyday
(20:29 / All) Daryus010: appreciated that 2 v 1 guys, was fun
(20:31 / All) Rebel!Rebel!: shit
(20:34 / All) Daryus010: -.-
(20:39 / All) Daryus010: and that's how you die
(20:42 / All) A8djkakIADukaka: the fuck is my team doing this game
(20:52 / All) King_Gex: ?
(20:58 / All) Rebel!Rebel!: pink took off running lol I was on hold
(21:00 / Allies) A8djkakIADukaka: share lumber
(21:03 / Allies) A8djkakIADukaka: give me your resources yellow
(21:11 / Allies) A8djkakIADukaka: ty
(21:14 / All) sunshine27: well i started late so i barely had any units lol
(21:17 / Allies) Daryus010: fucking 6k g ?
(21:20 / Allies) A8djkakIADukaka: need aa
(21:21 / Allies) Daryus010: and never shared it
(21:27 / Allies) A8djkakIADukaka: had no lumber to spend it
(21:38 / Allies) Daryus010: you had partners to share with though
(21:39 / Allies) Daryus010: -.-
(21:42 / Allies) A8djkakIADukaka: no one asked
(21:45 / Allies) A8djkakIADukaka: didnt think needed any
(21:47 / Allies) Daryus010: lul
(21:57 / Allies) A8djkakIADukaka: would have spend if I had lumber
(21:59 / Allies) Daryus010: such a non logical answer
(22:03 / Allies) A8djkakIADukaka: not really
(22:05 / All) King_Gex: oj why u still here
(22:44 / All) sunshine27: because im bored and i want to fool around
(23:21 / All) siledetangvil: duel to the death no run
(23:24 / All) sunshine27: come on pink let's fight hero vs hero
(23:28 / All) sunshine27: lol
(25:18 / Allies) A8djkakIADukaka: you got any resources left to give me?
(25:31 / Allies) sunshine27: no ..i gave all of it away
(25:33 / Allies) A8djkakIADukaka: kk
(26:15 / All) sunshine27: last stand at greens
(27:21 / All) sunshine27: lmao red
(28:06 / All) A8djkakIADukaka: pro
(28:11 / All) King_Gex: red tk
(28:18 / All) sunshine27: for
(28:20 / All) A8djkakIADukaka: can't handle 1 tker?
(28:20 / All) sunshine27: ?
(28:22 / All) King_Gex: he mad bc pink not give wood
(28:30 / All) A8djkakIADukaka: I can relate, my team didn't share much either
(28:34 / All) A8djkakIADukaka: would have 1k wood and give me 200
(28:35 / All) sunshine27: hahahah
(28:46 / All) Rebel!Rebel!: teal had 1500 wood when I was asking
(28:50 / All) Rebel!Rebel!: not one wood shared
(28:52 / All) sunshine27: seriously ? chill out
(28:54 / All) King_Gex: i had none
(29:13 / All) sunshine27: lol red thinks he can take this all on his own
(29:27 / All) sunshine27: anyway im out
(30:26 / All) A8djkakIADukaka: gg I won this fair and square 1v4
(32:29 / All) A8djkakIADukaka: doesn't make sense acid bomb doesn't work on mechanical units
(35:55 / All) Rebel!Rebel!: do you respect me green?
(35:58 / All) A8djkakIADukaka: yes
(36:03 / All) Krudoru: i luled
(36:05 / All) Rebel!Rebel!: see, someone respects me
(36:06 / All) A8djkakIADukaka: I would have tked my allies for lumber too
(36:08 / All) Krudoru: nice cuckold you got
(36:16 / All) Krudoru: lulz he had plenty
(36:18 / All) Rebel!Rebel!: We're business partners
(36:18 / All) Krudoru: he has 3 bases
(36:20 / All) A8djkakIADukaka: cuckold because I'm watchingh im fuck you?
(36:21 / All) Krudoru: random tk newb
(36:31 / All) Krudoru: 9k gold 5k wood
(36:34 / All) Krudoru: newb newb newb
(36:38 / All) King_Gex: lol
(36:41 / All) A8djkakIADukaka: got transmute woot
(36:43 / All) Rebel!Rebel!: Yeah that lumber was hard to come by thank you very much, LUMBER HOARDER
(36:55 / All) Krudoru: wouldn't even trade for gold
(37:03 / All) Krudoru: worthless teammate all game
(37:07 / All) King_Gex: pink is standing on 5k lumber
(37:08 / All) A8djkakIADukaka: well if you're greedy how cna he trust you
(37:11 / All) Krudoru: fed exp forever
(37:11 / All) Rebel!Rebel!: He had mass gold and lumber
(37:14 / All) Rebel!Rebel!: Fucking LUMBER HOARDER
(37:14 / All) A8djkakIADukaka: dont be so selfish next time in a team game
(37:27 / All) Rebel!Rebel!: Lumber hoarders are the scum of battle net!
(37:31 / All) A8djkakIADukaka: ^^^^
(37:35 / All) Krudoru: nobody was selfish besides red
(37:41 / All) A8djkakIADukaka: you were
(37:45 / All) Krudoru: if you can't macro worth a shit
(37:47 / All) A8djkakIADukaka: not enough to give away resources to an ally like a pal
(37:50 / All) A8djkakIADukaka: gotta get something for it
(37:59 / All) Rebel!Rebel!: Had to deal with yellow killing my buildings with minimal help, ass!
(38:12 / All) Krudoru: you have no idea how many resources I had except from the word of a tker
(38:18 / All) Krudoru: he cried all game HELP HELP HELP
(38:21 / All) Krudoru: HELP HELP HELP
(38:21 / All) Rebel!Rebel!: TRUST ME
(38:24 / All) Rebel!Rebel!: He had lots of lumber
(38:24 / All) A8djkakIADukaka: whine whine whine more teal
(38:28 / All) A8djkakIADukaka: you got raped
(38:28 / All) Rebel!Rebel!: And gold!
(38:29 / All) Krudoru: CUCKOLD BITCH
(38:31 / All) Rebel!Rebel!: not anymore though!
(38:34 / All) Krudoru: CUCKOLD BITCH
(38:38 / All) Krudoru: CUCKOLD BITCH
(38:43 / All) A8djkakIADukaka: I think he's mad red
(38:43 / All) Rebel!Rebel!: You upset, loser?
(38:49 / All) Rebel!Rebel!: YEah
(38:49 / All) Krudoru: I PROMISE HE HAD LUMBER
(38:51 / All) Rebel!Rebel!: He must be fuming
(38:54 / All) A8djkakIADukaka: winners aren't losers teal
(38:56 / All) A8djkakIADukaka: I'm a winner
(39:12 / All) Krudoru: you're a 1 and a tker vs 2
(39:22 / All) Krudoru: blue and I only people this game did shit
(39:31 / All) A8djkakIADukaka: if it makes you sleep better at night sucker
(39:35 / All) Krudoru: you sat in base like a bitch till ur only hope popped out
(39:44 / All) A8djkakIADukaka: I sat in my base and raped your whole team
(39:44 / All) Krudoru: you would realize we've been trying to warn you about him for awhile
(39:51 / All) A8djkakIADukaka: you had air so I waited with aa and towers
(39:54 / All) King_Gex: I was voted least angry this game
(40:01 / All) A8djkakIADukaka: lol
(40:08 / All) Krudoru: I had a tker
(40:11 / All) Rebel!Rebel!: tojara is about to take a long overdue dirtnap
(40:13 / All) Krudoru: you didn't have to wait with shit newb
(40:16 / All) Krudoru: 1v1 any of you
(40:29 / All) A8djkakIADukaka: I just 1v1ed you in a 4v4 and I came out on top
(40:40 / All) A8djkakIADukaka: was just my army and yours a few mins ago
(40:42 / All) Krudoru: 1v1? Lol i can't 3even defend vs tker
(40:47 / All) Krudoru: i leave base he tped in to base
(40:54 / All) Krudoru: NEWB NEWB DOESN"T EVEN KNOW WHAT TKERS DO
(41:15 / All) Rebel!Rebel!: Good night sweet prince
(41:46 / All) Krudoru: 1v1 still up anyone want to get their asses handed to them
(41:57 / All) King_Gex: smells like a challeneg
(41:58 / All) Rebel!Rebel!: I already handed you your ass
(41:59 / All) Krudoru: guess you all just pussies like pink
(42:02 / All) Rebel!Rebel!: You can keep it
(42:03 / All) A8djkakIADukaka: you can host teal?
(42:10 / All) Krudoru: you handed ur sweet ass to green
(42:12 / All) King_Gex: i wil observe
(42:18 / All) Krudoru: only thing that happened this game
(42:25 / All) Rebel!Rebel!: I'm just got tired of winning
(42:28 / All) Rebel!Rebel!: I've been winning all game
(42:31 / All) Rebel!Rebel!: Kicked your ass teal
(42:41 / All) Rebel!Rebel!: then handed back to ya
(42:44 / All) Krudoru: i'm not into gay porn so i stayed out of it, u 2 just keep making too much noise
(43:02 / All) King_Gex: come on now green
(43:21 / All) A8djkakIADukaka: does cloud even stop buildings from producing
(43:23 / All) A8djkakIADukaka: or just attacking
(43:25 / All) A8djkakIADukaka: not sure
(43:28 / All) King_Gex: attk
(43:29 / All) Krudoru: newb
(43:45 / All) A8djkakIADukaka: I don't get cloud used against my buildings when making anything much to know teal
(43:47 / All) A8djkakIADukaka: maybe you do
(43:59 / All) Krudoru: engrish?
(44:14 / All) A8djkakIADukaka: ïf you don't understand that sentence it's not my english
(44:23 / All) Rebel!Rebel!: Hunting teal's last peasants down like dogs
(44:30 / All) Krudoru: that ones going on the subreddit
(44:47 / All) A8djkakIADukaka: gonna post yourself getting trolled?
(44:51 / All) A8djkakIADukaka: and raped in 4v4
(44:52 / All) Rebel!Rebel!: Man I took teal to the cleaners, and the morgue
(45:41 / All) A8djkakIADukaka: Teal is so mad he';s going to post about this game on reddit LOL
(46:07 / All) King_Gex: not many creeps on this board
(46:34 / All) Krudoru: knew red was massive cuckold
(46:48 / All) Krudoru: he said he wasn't lol when he tked first guy
(46:50 / All) A8djkakIADukaka: teal is watching his team get fucked right now
(46:54 / All) A8djkakIADukaka: I think he's projecting actually
(46:56 / All) Krudoru: we know that's not true at all
(46:56 / All) Rebel!Rebel!: Yeah I was dating your mom and wtached her get gangbanged by ghetto niggers
(47:03 / All) Rebel!Rebel!: that I paid some crack to
(47:05 / All) Rebel!Rebel!: then I dumped her
(47:16 / All) Krudoru: so you admit ur a necrophiliac and a cuckold?
(47:28 / All) Krudoru: no hope for you btw you can't fuck asshes
(47:37 / All) Rebel!Rebel!: yeah I love neanderthalensis women
(47:43 / All) King_Gex: stay back
(47:46 / All) Krudoru: good one
(47:51 / All) Krudoru: can't even spell
(47:55 / All) Krudoru: you must be related to green
(48:14 / All) A8djkakIADukaka: teal thinks he's badass he can point out irrelevant minor english mistakes
(48:16 / All) A8djkakIADukaka: definitely a redditor
(48:23 / All) Krudoru: ?
(48:26 / All) Krudoru: whatever do you mean
(48:42 / All) A8djkakIADukaka: hmm
(49:51 / All) Krudoru: back in 2001 the netcode was quite primitive guys, sorry ip ban from s4s is in store for you two
(49:59 / All) A8djkakIADukaka: LOL
(50:05 / All) Rebel!Rebel!: lol
(50:06 / All) Rebel!Rebel!: OH NO!
(50:07 / All) King_Gex: how he ban
(50:07 / All) A8djkakIADukaka: WATHC OUT RED WERE GETTING BANNED FROM S4S
(50:08 / All) Rebel!Rebel!: Not s4s!
(51:04 / All) A8djkakIADukaka: he's on dnd tried whispering him
(51:13 / All) A8djkakIADukaka: too sensitive for after game whispers, can dish it but not take it
(51:55 / All) Rebel!Rebel!: lol
(51:59 / All) King_Gex: mouse froze
(52:08 / All) A8djkakIADukaka: ty for the win red
(52:09 / All) Rebel!Rebel!: Went for a little shopping, took a dirtnap instead
(52:18 / All) Rebel!Rebel!: no problem, you deserve it
(52:22 / All) Rebel!Rebel!: my team were lumber hoarders
(52:25 / All) A8djkakIADukaka: our teams both sucked
(52:28 / All) A8djkakIADukaka: we were the only good players
(52:36 / All) A8djkakIADukaka: both teams lumber hoarders and noobs
(52:40 / All) Rebel!Rebel!: teal was so not mad he's gonna hack our IPs and ban us from s4s!
(53:15 / All) Rebel!Rebel!: teal lose
(53:17 / All) Rebel!Rebel!: and pink
(53:17 / All) A8djkakIADukaka: yeah